AoeStats
← Lord_Wilfredo

Nomad

508952827Analyzed
3v3 RM · 7d ago on Sep 24, 2026· 69m 52s· 6 players
Game mode
Random Map
Map size
210×210
Population
200
Speed
Normal
Resources
Standard
Victory
Conquest
Starting age
Dark Age
Ending age
Imperial Age
RankedLock teamsTeams togetherTeam positionsShared explorationLock speedFull tech treeHidden civsTurbo modeCheats
Victory
Defeat
🇦🇷 Spanish · Argentina
1369
+17
🇨🇴 Wu · Colombia
1344
+18
🇸🇪 Saracens · Sweden
1339
+17
🇺🇦 Saxons · Ukraine
1385
-18
🇧🇾 Danes · Belarus
1380
-17
🇧🇾 Bengalis · Belarus
1373
-17
[SICK] WhiteSun
2:52 Loom
11:43 Feudal Age
12:15 Double-Bit Axe
15:24 Man-at-Arms
19:04 Fletching
23:22 Castle Age
22:23 Stone Mining
24:20 Forging
24:35 Squires
25:26 Horse Collar
26:21 Gold Mining
27:42 Long Swordsman
29:39 Crossbowman
34:52 Masonry
34:54 Murder Holes
36:49 Ballistics
38:10 Red Cliffs Tactics
38:18 Town Watch
39:07 Padded Archer Armor
42:14 Wheelbarrow
50:29 Bodkin Arrow
55:57 Imperial Age
54:42 Hand Cart
56:13 Leather Archer Armor
55:59 Scale Mail Armor
56:33 Arson
56:24 Elite Fire Archer
57:41 Bracer
57:07 Two-Handed Swordsman
58:32 Conscription
58:54 Champion
60:48 Gold Shaft Mining
60:24 Heavy Plow
61:35 Iron Casting
61:33 Chain Mail Armor
63:12 Stone Shaft Mining
63:50 Blast Furnace
62:57 Town Patrol
64:48 Blast Furnace
66:26 Plate Mail Armor
65:37 Heavy Hei Guang Cavalry
66:28 Bloodlines
66:18 Husbandry
66:39 Scale Barding Armor
69:15 Chain Barding Armor
Jardel
5:05 Loom
13:11 Feudal Age
21:49 Castle Age
28:07 Fletching
33:09 Padded Archer Armor
33:56 Horse Collar
43:44 Forging
44:46 Scale Barding Armor
46:07 Iron Casting
46:42 Chain Barding Armor
46:43 Gold Mining
47:38 Husbandry
51:21 Double-Bit Axe
57:07 Imperial Age
55:11 Bloodlines
57:20 Bow Saw
58:09 Light Cavalry
61:57 Wheelbarrow
60:58 Hussar
68:31 Siege Engineers
Lord_Wilfredo
8:06 Loom
13:10 Feudal Age
14:10 Double-Bit Axe
23:46 Castle Age
22:33 Padded Archer Armor
22:44 Horse Collar
25:02 Bow Saw
27:21 Wheelbarrow
27:10 Leather Archer Armor
26:47 Town Watch
30:29 Heavy Plow
34:51 Imperial Age
32:47 Hand Cart
33:37 Scale Barding Armor
33:42 Forging
34:08 Bloodlines
34:06 Gold Mining
34:07 Stone Mining
35:28 Chain Barding Armor
35:32 Husbandry
34:55 Cavalier
36:58 Two-Man Saw
37:30 Plate Barding Armor
37:35 Iron Casting
38:23 Chemistry
38:29 Paladin
40:41 Blast Furnace
41:52 Bombard Tower
41:31 Capped Ram
46:39 Ring Archer Armor
47:21 Siege Ram
60:22 Thumb Ring
59:38 Elite Skirmisher
67:23 Stone Shaft Mining
NiL
5:05 Loom
13:03 Feudal Age
13:34 Fishing Lines
14:07 Double-Bit Axe
16:43 Gold Mining
20:10 Horse Collar
20:23 Stone Mining
20:25 Fletching
23:58 Castle Age
23:18 Scale Mail Armor
23:28 Forging
23:55 Arson
24:43 Squires
25:13 Bow Saw
25:21 Chain Mail Armor
24:55 Gambesons
26:20 Iron Casting
27:14 Wheelbarrow
28:53 Medium Warships
29:28 Fletching
30:33 Gillnets
33:50 Imperial Age
31:56 Bodkin Arrow
35:06 Plate Mail Armor
34:37 Bracer
36:07 Chemistry
35:47 Capped Ram
36:42 Padded Archer Armor
37:07 Hand Cart
40:13 Gold Shaft Mining
46:49 Murder Holes
47:05 Masonry
46:39 Treadmill Crane
46:36 Pikeman
50:20 Leather Archer Armor
50:35 Ballistics
50:24 Halberdier
52:38 Ring Archer Armor
54:40 Sappers
55:31 Conscription
55:15 Clerical Recruitment
61:26 Masonry
61:21 Shield Wall
61:22 Elite Hearth Troop
65:07 Hoardings
HURMA
5:03 Loom
13:20 Feudal Age
14:00 Town Watch
21:12 Castle Age
19:14 Fishing Lines
20:28 Scale Barding Armor
23:10 Double-Bit Axe
25:50 Scale Mail Armor
26:02 Forging
26:42 Gillnets
29:07 Wheelbarrow
29:44 Ballistics
30:24 Masonry
32:03 Bow Saw
32:44 Clinker Construction
32:20 Horse Collar
33:31 Murder Holes
34:16 Gold Mining
37:50 Imperial Age
35:59 Squires
35:45 Arson
35:48 Gambesons
36:14 Fletching
40:00 Chemistry
40:04 Chain Mail Armor
40:16 Conscription
41:50 Gold Shaft Mining
42:15 Elite Jomsviking
43:54 Plate Mail Armor
43:35 Northmen's Fury
45:11 Iron Casting
45:07 Pikeman
47:28 Blast Furnace
46:24 Bodkin Arrow
46:30 Padded Archer Armor
46:45 Hamask
47:30 Halberdier
48:53 Bracer
48:59 Bracer
49:09 Stone Mining
50:40 Hand Cart
51:03 Stone Shaft Mining
50:39 Padded Archer Armor
52:11 Bloodlines
55:38 Heavy Mounted Crossbowman
55:39 Cranequins
57:22 Heavy Plow
58:12 Hoardings
60:24 Chain Barding Armor
60:20 Leather Archer Armor
63:44 Cranequins
64:59 Ring Archer Armor
65:05 Plate Barding Armor
64:42 Man-at-Arms
66:59 Thumb Ring
68:18 Siege Engineers
69:12 Carvel Hull
So sad
4:53 Loom
14:31 Feudal Age
18:58 Castle Age
18:59 Fishing Lines
21:47 Town Watch
22:28 Bloodlines
23:14 Stone Mining
25:13 Husbandry
26:03 Fletching
27:30 Light Cavalry
32:09 Elite Skirmisher
33:19 Padded Archer Armor
32:52 Crossbowman
34:17 Double-Bit Axe
35:23 Bow Saw
37:20 Horse Collar
37:38 Pikeman
38:19 Squires
38:49 Murder Holes
39:46 Masonry
44:15 Imperial Age
42:54 Wheelbarrow
63:50 Gillnets
Connection lost

Rejoining the realm…

Still unreachable

The connection could not be restored.

Session expired

The server has moved on; the page needs a fresh start.